 Dungeon Crawl Stone Soup version 0.29-a0-723-gce39da1c22 (webtiles) character file.

Game seed: 4530385531823093072

83 MudFish the Sneak (level 4, -4/22 HPs)
             Began as a Spriggan Brigand on June 28, 2022.
             Slain by Crazy Yiuf
             ... wielding a +4 quarterstaff of chaos
              (5 damage)
             ... on level 2 of the Dungeon.
             The game lasted 00:03:38 (2605 turns).

MudFish the Sneak (Spriggan Brigand)                Turns: 2605, Time: 00:03:39

Health: -4/22      AC:  3    Str: 13    XL:     4   Next: 22%
Magic:  5/5        EV: 17    Int: 12    God:
Gold:   152        SH:  0    Dex: 18    Spells: 3/3 levels left

rFire   . . .      SeeInvis +   a - +2 dagger
rCold   . . .      Faith    .   (no shield)
rNeg    . . .      Spirit   .   b - +0 robe
rPois   .          Reflect  .   (helmet restricted)
rElec   .          Harm     .   c - +0 cloak
rCorr   .          Rampage  .   (gloves unavailable)
Will    .....                   (boots unavailable)
Stlth   ++++......              (no amulet)
HPRegen 0.07/turn               h - +6 ring of strength
MPRegen 0.09/turn               (no ring)

@: very quick
A: very small, no large weapons, unfitting armour, see invisible, speed 3
a: no special abilities


You were on level 2 of the Dungeon.
You visited 1 branch of the dungeon, and saw 2 of its levels.

You collected 152 gold pieces.

Inventory:

Hand Weapons
 a - a +2 dagger (weapon)
 l - a +3 club
Missiles
 d - 7 poisoned darts (quivered)
 e - 3 curare-tipped darts
Armour
 b - a +0 robe (worn)
 c - a +0 cloak (worn)
Jewellery
 h - a +6 ring of strength (left hand)
Scrolls
 g - a scroll of fear {unknown}
 i - a scroll of vulnerability {unknown}
Potions
 f - a potion of mutation {unknown}
 j - a potion of flight
 k - a potion of heal wounds {unknown}


   Skills:
 - Level 1.5 Fighting
 * Level 3.2 Short Blades
 * Level 2.5 Throwing
 * Level 2.4 Dodging
 - Level 7.1 Stealth


You had 3 spell levels left.
You didn't know any spells.
Your spell library contained the following spells:

 Spells                   Type           Power      Damage    Failure   Level
 Summon Forest            Summ/Tloc      0%         N/A       100%        5
 Summon Mana Viper        Hex/Summ       0%         N/A       100%        5
 Summon Cactus Giant      Summ           0%         N/A       100%        6


Dungeon Overview and Level Annotations

Branches:
Dungeon (2/15)

Altars:

Annotations:
D:2 Crazy Yiuf


Innate Abilities, Weirdness & Mutations

You are very small and have problems with some larger weapons.
You are too small for most types of armour.
You have supernaturally acute eyesight. (SInv)
You cover ground extremely quickly. (Speed+++)


Message History

Press: ? - help, Q - select action, (/) - cycle Shift-Dir - straight line, f - adder
Aim: an adder (44% to hit)
You throw a poisoned dart. The poisoned dart hits the adder.
The adder is poisoned.
Unknown command.
You barely miss the adder. The adder barely misses you.
You hit the adder.
The adder is heavily wounded.
The adder misses you.
You hit the adder.
You kill the adder!
d - 9 poisoned darts (gained 1)
Found a hammer.
Found two hammers.
Found a runed translucent door.
Found a hammer.
You open the door.
Crazy Yiuf shouts!
Throw: 9 darts (poison)
Press: ? - help, Q - select action, (/) - cycle Shift-Dir - straight line, f - Crazy Yiuf
Aim: Crazy Yiuf, wielding a +4 quarterstaff of chaos and wearing a +2 cloak (65% to hit)
You throw a poisoned dart. The poisoned dart hits Crazy Yiuf.
Crazy Yiuf is poisoned.
Throw: 8 darts (poison)
Press: ? - help, Q - select action, (/) - cycle Shift-Dir - straight line, f/p - Crazy Yiuf
Aim: Crazy Yiuf, wielding a +4 quarterstaff of chaos and wearing a +2 cloak (lightly wounded, poisoned, 65% to hit)
You throw a poisoned dart.
The poisoned dart barely misses Crazy Yiuf.
You hit Crazy Yiuf.
Crazy Yiuf is lightly wounded.
You hit Crazy Yiuf but do no damage.
Crazy Yiuf is lightly wounded.
Crazy Yiuf hits you with a +4 quarterstaff of chaos.
Crazy Yiuf burns you.
You barely miss Crazy Yiuf.
Crazy Yiuf is moderately wounded.
Crazy Yiuf hits you with a +4 quarterstaff of chaos!!
Ouch! That really hurt!
* * * LOW HITPOINT WARNING * * *
Crazy Yiuf burns you.
You die...

.##.### ##..##
....# #....# .####
#....# .# ##..)# .#
##.## .# ##.# .#
#.## .# #######
##.# .# #.....#
#@## ## #.###.# #g#
#.###.# ).)
##.#...# #.(.#
#....#.# #)..#
#..###.# #####
#####......#
...##.#############
##.##.####........#


You could see Crazy Yiuf (poisoned).

Vanquished Creatures
  Jessica (D:2)
  3 adders (D:2)
  A worm (D:2)
  3 ball pythons (D:1)
  3 endoplasms (D:1)
  4 giant cockroaches (D:1)
  2 goblins (D:1)
  3 hobgoblins
  2 kobolds
  A quokka (D:1)
  A bat (D:1)
  A frilled lizard (D:1)
  2 rats (D:1)
27 creatures vanquished.

Notes
Turn   | Place    | Note
-------+----------+-------------------------------------------
     0 | D:1      | MudFish the Spriggan Brigand began the quest for the Orb.
     0 | D:1      | Reached XP level 1. HP: 10/10 MP: 2/2
    77 | D:1      | Reached skill level 6 in Stealth
   619 | D:1      | Reached XP level 2. HP: 14/14 MP: 3/3
  1039 | D:1      | Found a faded altar of an unknown god.
  1101 | D:1      | Reached skill level 7 in Stealth
  1541 | D:2      | Noticed Jessica
  1560 | D:2      | Killed Jessica
  1561 | D:2      | Reached XP level 3. HP: 9/18 MP: 4/4
  2075 | D:2      | Reached XP level 4. HP: 17/22 MP: 5/5
  2596 | D:2      | Found a runed translucent door.
  2597 | D:2      | Noticed Crazy Yiuf
  2605 | D:2      | HP: 1/22 [Crazy Yiuf/+4 quarterstaff of chaos (18)]
  2605 | D:2      | Slain by Crazy Yiuf

Illustrated notes

Levels and vault maps discovered:
D:1:      dpeg_arrival_yet_another_circle, layout_basic,
          shapermc_ecumenical_altar_mp_urbaneastern
D:2:      layout_loops_cross, uniq_jessica, uniq_crazy_yiuf_cottage

Skill      XL: |  1  2  3 |
---------------+----------+-----
Stealth        | 6 7 |  7.1
Dodging        | 2 |  2.4
Short Blades   | 3 |  3.2
Fighting       | |  1.5
Throwing       | |  2.5

Action                   |  1- 3 |  4- 6 || total
-------------------------+-------+-------++-------
Melee: Dagger            |    73 |     6 ||    79
Throw: Dart              |    19 |     3 ||    22
  Use: Potion            |     4 |       ||     4
 Stab: Sleeping          |    11 |       ||    11
Armor: Robe              |     7 |       ||     7
Dodge: Dodged            |    47 |     2 ||    49

Table legend: (Time is in decaauts)
 A = Elapsed time spent in this place.
 B = Non-inter-level travel time spent in this place.
 C = Inter-level travel time spent in this place.
 D = Time resting spent in this place.
 E = Time spent auto-exploring this place.
 F = Levels seen in this place.
 G = Mean time per level.
                   A        B        C        D        E       F      G
               +--------+--------+--------+--------+--------+-----+--------+
         Total |   2014 |   2004 |     10 |    705 |   1053 |   2 | 1007.0 |
       Dungeon |   2014 |   2004 |     10 |    705 |   1053 |   2 | 1007.0 |
               +--------+--------+--------+--------+--------+-----+--------+

Top non-repeatable levels by time:
     D:1: 1026 daAuts
     D:2: 988 daAuts
